 Dungeon Crawl Stone Soup version 0.30-a0-862-g1aabd4f9c5 (webtiles) character file.

Game seed: 977790331603135060

1575 cforsyth the Thaumaturge (level 8, -2/41 HPs)
             Began as a Deep Elf Earth Elementalist on Mar 9, 2023.
             Killed by divine providence
             ... invoked by an orc priest
              (11 damage)
             ... on level 6 of the Dungeon.
             The game lasted 00:07:55 (4443 turns).

cforsyth the Thaumaturge (DEEE)                     Turns: 4443, Time: 00:07:55

Health: -2/41      AC:  3    Str:  5    XL:     8   Next: 60%
Magic:  20/24      EV: 12    Int: 23    God:
Gold:   327        SH:  0    Dex: 15    Spells: 27/28 levels left

rFire   . . .      SeeInvis .    (no weapon)
rCold   . . .      Faith    .    (no shield)
rNeg    . . .      Spirit   .    a - +0 robe
rPois   .          Reflect  .    (no helmet)
rElec   .          Rampage  .    (no cloak)
rCorr   .                        o - +0 pair of gloves
Will    .....                    (no boots)
Stlth   ++                       (no amulet)
HPRegen 0.26/turn                (no ring)
MPRegen 0.19/turn                (no ring)

@: no status effects
A: no striking features
a: no special abilities


You were on level 6 of the Dungeon.
You visited 2 branches of the dungeon, and saw 7 of its levels.

You collected 327 gold pieces.

Inventory:

Armour
 a - a +0 robe (worn)
 o - a +0 pair of gloves (worn)
Jewellery
 p - a ring of positive energy
 q - an amulet of reflection
 u - a ring of resist corrosion
Scrolls
 c - 4 scrolls of identify {unknown}
 d - 2 scrolls of amnesia {unknown}
 e - a scroll of teleportation
 f - a scroll of blinking {unknown}
 h - 3 scrolls of fear {unknown}
 n - a scroll of fog {unknown}
 r - a scroll of vulnerability {unknown}
 s - a scroll of enchant armour {unknown}
 t - a scroll of enchant weapon {unknown}
 v - a scroll of poison {unknown}
 x - a scroll of noise {unknown}
Potions
 b - a potion of magic
 g - a potion of mutation {unknown}
 i - 3 potions of curing
 j - a potion of resistance {unknown}
 k - 3 potions of brilliance
 l - a potion of degeneration {unknown}
 m - 2 potions of haste
 w - a potion of attraction {unknown}


   Skills:
 - Level 2.4 Dodging
 - Level 2.4 Stealth
 + Level 10.5 Spellcasting
 - Level 1.1 Transmutations
 + Level 9.1 Earth Magic


You had 27 spell levels left.
You knew the following spells:

 Your Spells              Type           Power      Damage    Failure   Level
a - Sandblast             Erth           100%       2d20      1%          1

Your spell library contained the following spells:

 Spells                   Type           Power      Damage    Failure   Level
 Passwall                 Tmut/Erth      29%        N/A       1%          2
 Stone Arrow              Conj/Erth      66%        3d11      2%          3
 Summon Small Mammal      Summ           48%        N/A       5%          1
 Petrify                  Tmut/Erth      35%        N/A       7%          4
 Lesser Beckoning         Tloc           24%        N/A       9%          2
 Call Canine Familiar     Summ           12%        N/A       16%         3
 Gell's Gravitas          Tloc           12%        N/A       16%         3
 Summon Guardian Golem    Hex/Summ       12%        N/A       16%         3
 Teleport Other           Tloc           12%        N/A       16%         3
 Borgnjor's Revivificati  Necr           6%         N/A       100%        8
 Necromutation            Tmut/Necr      7%         N/A       100%        8
 Death's Door             Necr           6%         N/A       100%        9


Dungeon Overview and Level Annotations

Branches:
Dungeon (6/15)             Temple (1/1) D:4

Altars:
Cheibriados
Elyvilon
Gozag
Hepliaklqana
Makhleb
Uskayaw
Wu Jian
Xom
Yredelemnul
Zin
The Shining One

Shops:
D:1 (

Annotations:
D:3 2 transporters
D:6 Edmund


Message History

Magic restored.
You see here an iguana corpse.
An orc priest comes into view. It is wielding a +0 club.
An orc priest is nearby!
An orc priest is nearby!
An orc priest is nearby!
An orc priest is nearby!
An orc priest is nearby!
Found a stone staircase leading up.
The orc priest shouts!
You hear a shout! x2
Something shouts, "Quit, thou sickly fen-sucked gonus!"
An iguana comes into view.
The blast of sand hits the orc priest.
The orc priest is heavily wounded.
The iguana hisses angrily.
An orc priest comes into view. It is wielding a +0 hand axe.
The blast of sand hits the orc priest!
You kill the orc priest!
The blast of sand hits the shadow imp!!
You kill the shadow imp!
An orc priest comes into view. It is wielding a +0 mace.
An orc comes into view. It is wielding a +0 whip of flaming.
The iguana bites you!
The orc priest begins to cast a cantrip, but forgets the words!
The blast of sand hits the iguana!!
You kill the iguana!
The orc shouts!
The orc throws a stone.
The stone barely misses you.
The blast of sand misses the orc priest.
The orc priest mumbles some strange prayers to Beogh against you.
Beogh smites you!
The orc throws a stone.
The stone closely misses you.
The orc priest mumbles some strange prayers to Beogh against you.
Beogh smites you!
* * * LOW HITPOINT WARNING * * *
You are too injured to fight recklessly!
You are too injured to fight recklessly!
Unknown command.
The orc priest mumbles some strange prayers to Beogh against you.
Beogh smites you!
You die...

##♣ ... <# #.♣ ..#.
###.♣ .... ##...♣ ♣...
# #....♣♣♣♣.o####.##
##..#......o.......
#......>..........#
#.###.#.....##########
.. #.#.##..@.....†..#
....
#.#.##.#########.# ...
#.#..........# #.# ..
#.####.##(.#.###.# ..
#.......#.<#.....# ..
######.##.######## .!
#..... .. #.##.# ..
#.##.#


You could see 2 orc priests.

Vanquished Creatures
  Prince Ribbit (D:6)
  Menkaure (D:5)
  An ice beast (D:5)
  4 ogres
  A centaur (D:5)
  A phantom (D:5)
  Blork the orc (D:5)
  A hound (D:5)
  2 orc priests
  5 jellies
  4 iguanas
  An orc wizard (D:4)
  4 gnolls (D:5)
  7 adders
  A shadow imp (D:6)
  A white imp (D:5)
  3 worms
  2 dart slugs
  6 orcs
  2 ball pythons
  12 bats
  12 endoplasms
  11 goblins
  8 hobgoblins
  4 jackals (D:2)
  7 quokkas
  2 frilled lizards
  16 kobolds
  8 rats
  A spectral orc (D:5)
130 creatures vanquished.

Vanquished Creatures (others)
  10 toadstools (D:3)
10 creatures vanquished.

Grand Total: 140 creatures vanquished

Notes
Turn   | Place    | Note
-------+----------+-------------------------------------------
     0 | D:1      | cforsyth the Deep Elf Earth Elementalist began the quest
                  | for the Orb.
     0 | D:1      | Reached XP level 1. HP: 10/10 MP: 6/6
   143 | D:1      | Reached XP level 2. HP: 15/15 MP: 5/8
   625 | D:1      | Found Agunuag's Antique Weapon Boutique.
   654 | D:1      | Reached skill level 4 in Spellcasting
   792 | D:1      | Reached XP level 3. HP: 19/19 MP: 8/10
  1540 | D:2      | Reached XP level 4. HP: 17/24 MP: 8/12
  1866 | D:3      | Noticed an ogre
  1870 | D:3      | Killed an ogre
  1871 | D:3      | Reached skill level 5 in Spellcasting
  1871 | D:3      | Reached skill level 5 in Earth Magic
  1871 | D:3      | Reached XP level 5. HP: 26/28 MP: 10/15
  2272 | D:3      | Reached skill level 6 in Spellcasting
  2291 | D:3      | Reached XP level 6. HP: 20/32 MP: 13/17
  2469 | D:3      | Found a transporter.
  2472 | D:3      | Found a transporter.
  2493 | D:3      | Found a glowing silver altar of Zin.
  2634 | D:3      | Found a faded altar of an unknown god.
  2654 | D:4      | Found a staircase to the Ecumenical Temple.
  2665 | Temple   | Entered the Ecumenical Temple
  2982 | D:4      | Reached skill level 7 in Spellcasting
  3425 | D:5      | Entered Level 5 of the Dungeon
  3449 | D:5      | Reached XP level 7. HP: 36/36 MP: 15/20
  3568 | D:5      | Identified the +0 whip "Lifebane" {flame, rC+ Dex+2}
  3666 | D:5      | Reached skill level 8 in Spellcasting
  3693 | D:5      | Noticed Blork the orc
  3700 | D:5      | Killed Blork the orc
  3886 | D:5      | Noticed Menkaure
  3888 | D:5      | Killed Menkaure
  3889 | D:5      | Reached skill level 9 in Spellcasting
  3929 | D:5      | Reached XP level 8. HP: 40/41 MP: 20/23
  4219 | D:5      | Found a basalt altar of Yredelemnul.
  4292 | D:6      | Noticed Prince Ribbit
  4294 | D:6      | Killed Prince Ribbit
  4295 | D:6      | Reached skill level 10 in Spellcasting
  4317 | D:6      | Noticed Edmund
  4443 | D:6      | Killed from afar by an orc priest

Illustrated notes

Levels and vault maps discovered:
D:1:      dpeg_arrival_morbid_curiosity, layout_loops_ring, serial_shops,
          nicolae_shop_behind_doors, minmay_small_reverse_x
D:2:      layout_basic
D:3:      cheibrodos_fertilizer, layout_rooms, gammafunk_temple_overflow_arena,
          dilly_ecumenical_altar_fadedgnrine
D:4:      layout_basic, minmay_temple_entry_large_hall,
          minmay_misc_feat_columns, glass_columns_a
D:5:      layout_loops_ring, yredelemnul_forgotten_temple_becter,
          uniq_blork_the_orc, uniq_menkaure
D:6:      layout_basic, mainiacjoe_overflow_alcove_1, uniq_prince_ribbit1,
          uniq_sigmund, uniq_edmund
Temple:   nicolae_temple_figure_zero

Skill      XL: |  1  2  3  4  5  6  7  8 |
---------------+-------------------------+-----
Spellcasting   | 4 5 6 7 9 10 | 10.5
Earth Magic    | 4 5 6 8 9 |  9.1
Dodging        | |  2.4
Stealth        | |  2.4
Transmutations | |  1.1

Action                     |  1- 3 |  4- 6 |  7- 9 || total
---------------------------+-------+-------+-------++-------
  Melee: Unarmed           |       |     1 |       ||     1
   Cast: Sandblast         |    59 |    74 |    40 ||   173
    Use: Potion            |       |     2 |     1 ||     3
         Scroll            |       |       |     2 ||     2
 Armour: Robe              |     3 |     6 |     1 ||    10
         Skin              |       |       |     2 ||     2
  Dodge: Dodged            |    10 |    22 |    13 ||    45

Table legend: (Time is in decaauts)
 A = Elapsed time spent in this place.
 B = Non-inter-level travel time spent in this place.
 C = Inter-level travel time spent in this place.
 D = Time resting spent in this place.
 E = Time spent auto-exploring this place.
 F = Levels seen in this place.
 G = Mean time per level.
                   A        B        C        D        E       F      G
               +--------+--------+--------+--------+--------+-----+--------+
         Total |   4510 |   4301 |    209 |     16 |   3693 |   7 |  644.3 |
       Dungeon |   4383 |   4184 |    199 |     16 |   3579 |   6 |  730.5 |
        Temple |    126 |    116 |     10 |      0 |    114 |   1 |  126.0 |
               +--------+--------+--------+--------+--------+-----+--------+

Top non-repeatable levels by time:
     D:1: 1055 daAuts
     D:5: 864 daAuts
     D:2: 842 daAuts
     D:3: 808 daAuts
     D:4: 655 daAuts
     D:6: 157 daAuts
  Temple: 126 daAuts
